 Dungeon Crawl Stone Soup version 0.27-a0-92-g39ad13b146 (webtiles) character file.

Game seed: 17977832019770704639

29 knot the Chopper (level 3, 32/43 HPs)
             Began as a Demonspawn Berserker on Jan 16, 2021.
             Was a Follower of Trog.
             Quit the game on level 2 of the Dungeon.
             The game lasted 00:00:44 (1015 turns).

knot the Chopper (Demonspawn Berserker)             Turns: 1015, Time: 00:00:44

Health: 32/43      AC:  2    Str: 17    XL:     3   Next: 1%
Magic:  0/3        EV: 12    Int:  9    God:    Trog [*.....]
Gold:   32         SH:  0    Dex: 12    Spells: 2/2 levels left

rFire    . . .     SeeInvis .   a - +0 hand axe
rCold    . . .     Faith    .   (no shield)
rNeg     + . .     Spirit   +   b - +0 animal skin
rPois    .         Reflect  .   (no helmet)
rElec    .         Harm     .   (no cloak)
rCorr    .         Rampage  .   (no gloves)
Will     .....                  (no boots)
Stlth    ..........             (no amulet)
HPRegen  0.14/turn              d - ring of positive energy
MPRegen  0.08/turn              (no ring)

@: berserking, very quick
A: claws 1, magic shield
a: Renounce Religion, Berserk


You were on level 2 of the Dungeon.
You worshipped Trog.
Trog was aware of your devotion.
You visited 1 branch of the dungeon, and saw 2 of its levels.

You collected 32 gold pieces.

Inventory:

Hand Weapons
 a - a +0 hand axe (weapon)
Missiles
 e - 2 poisoned darts
Armour
 b - a +0 animal skin (worn)
Jewellery
 d - a ring of positive energy (left claw)
Scrolls
 g - a scroll of remove curse {unknown}
Potions
 c - a potion of lignification {unknown}
 f - a potion of heal wounds {unknown}


   Skills:
 - Level 3.0 Fighting
 + Level 3.8 Axes
 - Level 1.7 Armour
 - Level 1.7 Dodging


You had 2 spell levels left.
You didn't know any spells.
Your spell library was empty.

Dungeon Overview and Level Annotations

Branches:
Dungeon (2/15)

Altars:


Innate Abilities, Weirdness & Mutations

You have sharp fingernails.
When hurt, damage is shared between your health and your magic reserves.


Message History

You barely miss the hobgoblin. The hobgoblin hits you. The adder bites you.
You hit the adder.
You kill the adder!
Trog accepts your kill.
You hit the hobgoblin. The hobgoblin hits you.
You closely miss the hobgoblin.
The hobgoblin is moderately wounded.
The hobgoblin hits you.
You slash the hobgoblin!
You feel the power of Trog in you as your rage grows.
You kill the hobgoblin!
Trog accepts your kill.
You have reached level 3!
Your experience leads to an increase in your attributes!
Increase (S)trength, (I)ntelligence, or (D)exterity?
You feel clever.
You feel monstrous as your demonic heritage exerts itself.
Your demonic ancestry asserts itself...
Your fingernails lengthen.
Are you sure you want to abandon this character and quit the game? (Confirm with "yes".)

#..........#
#..........#
###..........#
...!........#
#......!...#
#.......!..#
#..........#
#@#
#....†....#
#.........#
#.........#
#$.......!#
#.........#
#.......$..#
#..........#


There were no monsters in sight!

Vanquished Creatures
  An adder (D:2)
  A leopard gecko (D:1)
  A giant cockroach (D:1)
  3 goblins (D:1)
  4 hobgoblins
  A kobold (D:1)
  A ball python (D:1)
  3 bats (D:1)
  2 rats (D:1)
17 creatures vanquished.

Notes
Turn   | Place    | Note
-------+----------+-------------------------------------------
     0 | D:1      | knot the Demonspawn Berserker began the quest for the Orb.
     0 | D:1      | Reached XP level 1. HP: 18/18 MP: 1/1
   358 | D:1      | Gained mutation: When hurt, damage is shared between your
                  | health and your magic reserves. [demonic ancestry]
   358 | D:1      | Reached XP level 2. HP: 16/24 MP: 2/2
  1015 | D:2      | Gained mutation: You have sharp fingernails. [demonic
                  | ancestry]
  1015 | D:2      | Reached XP level 3. HP: 29/29 MP: 0/3
  1015 | D:2      | Quit the game

Illustrated notes

Levels and vault maps discovered:
D:1:      dpeg_arrival_pits, layout_loops_cross, serial_glass, glass_columns_a,
          glass_columns_a
D:2:      minmay_door_path, layout_rooms

Skill      XL: |  1 |
---------------+----+-----
Axes           | 3 |  3.8
Fighting       | |  3.0
Armour         | |  1.7
Dodging        | |  1.7

Action                   || total
-------------------------++-------
Melee: Hand axe          ||    59
Invok: Berserk           ||     1
 Stab: Sleeping          ||     1
Armor: Animal skin       ||    14
Dodge: Dodged            ||    31

Table legend: (Time is in decaauts)
 A = Elapsed time spent in this place.
 B = Non-inter-level travel time spent in this place.
 C = Inter-level travel time spent in this place.
 D = Time resting spent in this place.
 E = Time spent auto-exploring this place.
 F = Levels seen in this place.
 G = Mean time per level.
                   A        B        C        D        E       F      G
               +--------+--------+--------+--------+--------+-----+--------+
         Total |   1021 |    973 |     48 |    222 |    635 |   2 |  510.5 |
       Dungeon |   1021 |    973 |     48 |    222 |    635 |   2 |  510.5 |
               +--------+--------+--------+--------+--------+-----+--------+

Top non-repeatable levels by time:
     D:1: 1010 daAuts
     D:2: 10 daAuts
